 Dungeon Crawl Stone Soup version 0.28.0 (webtiles) character file.

Game seed: 7321104971055668318

4036 GrayStillPlays the Nimble (level 10, -2/76 HPs)
             Began as a Djinni Cinder Acolyte on Feb 6, 2022.
             Was an Initiate of Ashenzari.
             Slain by a fire elemental (14 damage)
             ... created by the fiery vengeance of Ignis
             ... on level 6 of the Dungeon.
             The game lasted 00:37:00 (12164 turns).

GrayStillPlays the Nimble (Djinni Cinder Acolyte)  Turns: 12164, Time: 00:37:01

Health: -2/76      AC:  2    Str: 13      XL:     10   Next: 48%
Gold:   248        EV: 13    Int: 20      God:    Ashenzari [......] SH:  0 Dex:  7 (9)

rFire   . . .      SeeInvis .   E - +3 flail {mace}
rCold   x . .      Faith    .   (no shield)
rNeg    . . .      Spirit   .   b - +0 robe
rPois   ∞          Reflect  .   (no helmet)
rElec   .          Harm     .   (no cloak)
rCorr   .          Rampage  .   (no gloves)
Will    +....                   (boots unavailable)
Stlth   +.........              (no amulet)
HPRegen 0.22/turn               (no ring)
MPRegen 0.00/turn               (no ring)

@: flying, fire susceptible
A: sickness immunity, fire resistance 2, cold vulnerability 1, float, innate
caster, HP casting, extra vitality 1, subdued magic 1
a: Renounce Religion


You were on level 6 of the Dungeon.
You worshipped Ashenzari.
Ashenzari was noncommittal.
You visited 1 branch of the dungeon, and saw 7 of its levels.

You collected 248 gold pieces.


Innate Abilities, Weirdness & Mutations

You are immune to sickness and miasma.
You are immune to poison.
Your flesh is very heat resistant. (rF++)
You are vulnerable to cold. (rC-)
You float through the air rather than walking.
You learn spells naturally, not from books.
Your magical power is your life essence.
You have superior vitality. (+4 MHP)
Your spells are a little easier to cast, but a little less powerful.


   Skills:
 + Level 8.1 Fighting
 - Level 2.6 Short Blades
 + Level 8.1 Dodging
 * Level 8.0 Spellcasting


You had 13 spell levels left.
You knew the following spells:

 Your Spells              Type           Power      Damage    Failure   Level
a - Scorch                Fire           62%        2d8       1%          2
b - Shock                 Conj/Air       100%       1d9       1%          1
c - Searing Ray           Conj           62%        2d6       1%          2
d - Lesser Beckoning      Tloc           31%        N/A       1%          3
e - Summon Lightning Spi  Summ/Air       31%        N/A       2%          4
Your spell library was empty.

Inventory:

Hand Weapons
 a - a -1 short sword of flaming {short}
 d - a +0 short sword {short}
   (You took it off a kobold on level 1 of the Dungeon)
 m - a +0 war axe {axe}
   (You found it on level 2 of the Dungeon)
 r - a +0 dagger of pain {short}
   (You took it off a goblin on level 3 of the Dungeon)
 E - a +3 flail (weapon) {mace}
   (You took it off an orc on level 6 of the Dungeon)
 G - a +1 hand crossbow of freezing {crossbow}
   (You found it on level 6 of the Dungeon)
 H - a +2 mace of pain {mace}
   (You found it on level 6 of the Dungeon)
 I - a +2 vorpal mace {mace}
   (You found it on level 6 of the Dungeon)
 J - a +3 shortbow {bow}
   (You took it off a centaur on level 6 of the Dungeon)
Missiles
 c - 346 stones {throwing}
 f - 80 sling bullets
 i - 42 bolts
 l - 184 arrows
 p - 3 poisoned darts {throwing}
 s - 10 boomerangs {throwing}
 B - 4 javelins {throwing}
Armour
 b - a +0 robe (worn)
 k - a +1 plate armour of fire resistance
   (You took it off an orc warrior on level 7 of the Dungeon)
 t - a +1 leather armour of poison resistance
   (You took it off an orc on level 4 of the Dungeon)
 w - an orb of mayhem
   (You found it on level 7 of the Dungeon)
 C - a +3 ring mail
   (You found it on level 5 of the Dungeon)
Jewellery
 D - an amulet of magic regeneration {@e2}
   (You took it off an orc wizard on level 6 of the Dungeon)
Wands
 j - a wand of flame (27)
   (You found it on level 2 of the Dungeon)
Scrolls
 e - a scroll of blinking {!r}
 g - a scroll of enchant armour {unknown}
 o - 5 scrolls of teleportation {@r4}
 x - a scroll of magic mapping {unknown}
 y - 2 scrolls of amnesia
 z - a scroll of immolation {unknown}
 F - a scroll of enchant weapon {unknown}
Potions
 h - 3 potions of heal wounds {@q2}
 n - a potion of flight {unknown}
 q - a potion of brilliance {unknown}
 u - 3 potions of curing {unknown}
 v - a potion of cancellation {unknown}
 A - a potion of might {unknown}

Dungeon Overview and Level Annotations

Branches:
Dungeon (7/15)             Temple (0/1) D:5

Altars:
Ashenzari
Cheibriados
Kikubaaqudgha
Makhleb
Qazlal
Ru
Trog

Shops:
D:3 *   D:5 [

Annotations:
D:6 1 runed translucent door, Crazy Yiuf

#.#.# #.#.#
#.#.#########
#.#.#........
##########.#.#.......#
#..........#.#........
#..☼○○................
#...EEE...##.#........
#....@8...##.#........
###..........#........
#..........#........
#..........#.####.#.
#..........#.# #.#.
###..........#.####.#.
##............#.#......
##.............#.#......
#....####......#.#......


You could see 3 fire elementals and a friendly lightning spire (summoned).


Message History

😕 HP[-1]
You take 1 damage, and now have 65/76 hp.
The searing ray hits the kobold demonologist.
The kobold demonologist hits you with a +0 dagger.
The kobold brigand barely misses you. 😕 HP[-1]
You take 1 damage, and now have 64/76 hp.
The searing ray hits the kobold demonologist.
You finish channelling your searing ray.
The kobold demonologist mumbles some strange words.
The kobold brigand hits you with a +0 dagger. 😕 HP[-5]
You take 5 damage, and now have 59/76 hp.
Casting: Searing Ray (safe; 1% risk of failure)
Confirm with . or Enter, or press ? or * to list all spells.
An electric hum fills the air.
The kobold demonologist looks encouraged for a moment.
The quasit bites you. The quasit misses you. The quasit completely misses you.
The kobold brigand completely misses you. 😮 HP[-6]
You take 6 damage, and now have 53/76 hp.
Aiming: Throw Flame
Press: ? - help, Q - select action, (/) - cycle Shift-Dir - straight line, f/p - kobold demonologist
Aim: a kobold demonologist, wielding a +0 dagger and wearing a +0 robe (heavily wounded, ally target, 56% to hit)
The puff of flame hits the kobold demonologist!
The quasit barely misses you. The quasit claws you.
You feel clumsy. The quasit claws you.
You feel clumsy.
The kobold demonologist gestures wildly while chanting.
Send 'em back where they came from!
Your lightning spire shudders.
The kobold brigand hits you with a +0 dagger.
Your lightning spire shoots out a bolt of lightning at the kobold demonologist!
The bolt of electricity hits the kobold demonologist! x2
The kobold demonologist dies!
The quasit disappears in a puff of smoke!
The bolt of electricity hits your lightning spire.
Your lightning spire completely resists.
Your Spellcasting skill increases to level 8! 😮 HP[-7]
You take 7 damage, and now have 46/76 hp.
Aiming: Throw Flame
Press: ? - help, Q - select action, (/) - cycle Shift-Dir - straight line, f - kobold brigand
Aim: a kobold brigand, wielding a +0 dagger and quivering poisoned darts (ally target, 60% to hit)
The puff of flame hits the kobold brigand.
The kobold brigand barely misses you.
Your lightning spire shoots out a bolt of lightning at the kobold brigand!
The bolt of electricity hits the kobold brigand! x2
The kobold brigand dies!
The bolt of electricity hits your lightning spire.
Your lightning spire completely resists. 😮 HP[+1]
You start resting.
Your lightning spire disappears in a puff of smoke! 😎 HP[+29]
Your hp is fully restored (76).
You start waiting. "My hands, my teeth, my burning tears: these will never betray me!" 3 fire elementals come into view.
You fly upwards.
Level annotation: 1 runed translucent door, Crazy Yiuf
There is a stone staircase leading down here.
Casting: Summon Lightning Spire (dangerous; 2% risk of failure)
Confirm with . or Enter, or press ? or * to list all spells.
An electric hum fills the air.
The fire elemental hits you. The fire elemental burns you!
The fire elemental hits you. The fire elemental burns you!
The fire elemental hits you. The fire elemental burns you! 😮 HP[-34]
You take 34 damage, and now have 42/76 hp.
MASSIVE DAMAGE!! (PAUSE)
The fire elemental hits you. The fire elemental burns you!
* * * LOW HITPOINT WARNING * * *
Your lightning spire shoots out a bolt of lightning at the fire elemental!
The bolt of electricity hits the fire elemental.
The fire elemental resists. 😨 HP[-9]
You take 9 damage, and now have 33/76 hp.
The fire elemental hits you.
* * * LOW HITPOINT WARNING * * *
The fire elemental burns you!
* * * LOW HITPOINT WARNING * * *
The fire elemental hits you.
* * * LOW HITPOINT WARNING * * *
The fire elemental burns you!
* * * LOW HITPOINT WARNING * * *
😱 HP[-24]
You take 24 damage, and now have 9/76 hp.
MASSIVE DAMAGE!! (PAUSE)
You feel much better. The fire elemental hits you.
* * * LOW HITPOINT WARNING * * *
The fire elemental burns you!
* * * LOW HITPOINT WARNING * * *
The fire elemental misses you. The fire elemental hits you.
* * * LOW HITPOINT WARNING * * *
The fire elemental burns you!
* * * LOW HITPOINT WARNING * * *
The fire elemental hits you. The fire elemental burns you!
You die...

Skill      XL: |  1  2  3  4  5  6  7  8  9 10 |
---------------+-------------------------------+-----
Dodging        | 1 2 3 4 5 7 8 |  8.1
Spellcasting   | 3 4 5 7 8 |  8.0
Fighting       | 4 5 6 7 8 |  8.1
Short Blades   | |  2.6

Action                   |  1- 3 |  4- 6 |  7- 9 | 10-12 || total
-------------------------+-------+-------+-------+-------++-------
Melee: Short sword       |    21 |       |       |       ||    21
       War axe           |       |    28 |     1 |       ||    29
       Flail             |       |       |       |     4 ||     4
 Cast: Scorch            |    23 |    81 |    12 |       ||   116
       Searing Ray       |       |       |    61 |    20 ||    81
       Summon Lightning  |       |       |     4 |    10 ||    14
Invok: Fiery Armour      |     1 |     1 |     1 |       ||     3
       Foxfire Swarm     |       |       |     5 |     1 ||     6
       Rising Flame      |       |       |     1 |       ||     1
Evoke: Wand              |       |       |     9 |     2 ||    11
  Use: Scroll            |       |       |       |     4 ||     4
       Potion            |       |       |       |     1 ||     1
Armor: Robe              |     5 |    11 |    15 |     5 ||    36
Dodge: Dodged            |    12 |    55 |    83 |    25 ||   175

Levels and vault maps discovered:
D:1:      ncdulo_halloftheorcs, layout_rooms
D:2:      layout_basic, ebering_ecumenical_altar_sacrificial,
          minmay_goblin_outpost, uniq_natasha
D:3:      layout_loops_cross, makhleb_altar_promises_db,
          mainiacjoe_overflow_catwalk, serial_shops, shop
D:4:      layout_loops_ring, slow_altar_2, nicolae_ru_awakened_eye,
          grunt_qazlal_clouds, feat_on_display
D:5:      minmay_thinvault, layout_layer_cave,
          nicolae_kikubaaqudgha_miasma_corner,
          mainiacjoe_overflow_small_starburst, minmay_temple_entry_hall,
          nicolae_shop_dragon_depot, uniq_prince_ribbit1
D:6:      layout_basic, nicolae_ossuary_entry_monument, minmay_bent,
          uniq_crazy_yiuf_cottage
D:7:      layout_rooms, kennysheep_little_box, mainiacjoe_overflow_brackets,
          serial_corexii_hall, corexii_hall_statues_x,
          corexii_hall_statues_deadend, uniq_joseph, uniq_maggie

Notes
Turn   | Place    | Note
-------+----------+-------------------------------------------
     0 | D:1      | GrayStillPlays the Djinni Cinder Acolyte began the quest
                  | for the Orb.
     0 | D:1      | Reached XP level 1. HP: 20/20 MP: 0/0
     0 | D:1      | magus.rc [v1.9.6]
   155 | D:1      | Reached XP level 2. HP: 17/25 MP: 0/0
   256 | D:1      | Reached skill level 1 in Dodging
   288 | D:1      | Reached XP level 3. HP: 15/30 MP: 0/0
   288 | D:1      | Learned a level 1 spell: Shock
  1239 | D:2      | Found a faded altar of an unknown god.
  1438 | D:2      | Reached XP level 4. HP: 33/35 MP: 0/0
  1579 | D:2      | Reached skill level 2 in Dodging
  1652 | D:2      | Reached skill level 3 in Spellcasting
  1749 | D:2      | Noticed Natasha
  1751 | D:2      | Killed Natasha
  1752 | D:2      | Reached XP level 5. HP: 37/41 MP: 0/0
  1752 | D:2      | Learned a level 2 spell: Searing Ray
  2057 | D:2      | Noticed Natasha
  2065 | D:2      | Killed Natasha
  2066 | D:2      | Reached skill level 4 in Fighting
  2641 | D:2      | Noticed Natasha
  2645 | D:2      | Killed Natasha
  2646 | D:2      | Reached skill level 3 in Dodging
  2834 | D:3      | Reached XP level 6. HP: 45/47 MP: 0/0
  3118 | D:3      | Found a bloodstained altar of Trog.
  3264 | D:3      | Found Bemoy's Assorted Antiques.
  3520 | D:3      | Found a burning altar of Makhleb.
  3520 | D:3      | Noticed an Executioner
  3523 | D:3      | Noticed a ynoxinul
  3523 | D:3      | Noticed a neqoxec
  3799 | D:4      | Found a stormy altar of Qazlal.
  4789 | D:4      | Reached skill level 4 in Dodging
  4789 | D:4      | Reached XP level 7. HP: 45/53 MP: 0/0
  4789 | D:4      | Learned a level 3 spell: Lesser Beckoning
  4918 | D:4      | Found a snail-covered altar of Cheibriados.
  5048 | D:4      | You are sucked into a shaft and drop 3 floors!
  5078 | D:7      | Reached skill level 5 in Fighting
  5125 | D:7      | Reached skill level 4 in Spellcasting
  5444 | D:6      | HP: 13/54 [orc (2)]
  5447 | D:5      | Entered Level 5 of the Dungeon
  5728 | D:5      | Found a broken altar of Ashenzari.
  5762 | D:4      | Found a sacrificial altar of Ru.
  6166 | D:5      | Noticed Prince Ribbit
  6172 | D:5      | HP: 12/54 [Prince Ribbit (5)]
  6173 | D:5      | Killed Prince Ribbit
  6174 | D:5      | Reached skill level 5 in Dodging
  6174 | D:5      | Reached XP level 8. HP: 14/61 MP: 0/0
  6447 | D:5      | Reached skill level 5 in Spellcasting
  6916 | D:5      | Reached skill level 6 in Fighting
  7228 | D:5      | Noticed a kobold demonologist
  7241 | D:5      | Reached XP level 9. HP: 66/67 MP: 0/0
  7241 | D:5      | Learned a level 4 spell: Summon Lightning Spire
  7244 | D:5      | Killed a kobold demonologist
  7245 | D:5      | Reached skill level 6 in Dodging
  7245 | D:5      | Reached skill level 6 in Spellcasting
  7983 | D:5      | Found a staircase to the Ecumenical Temple.
  8601 | D:5      | Found Teodosio's Dragon-Slaying Spoils.
  8775 | D:6      | Reached skill level 7 in Fighting
  9196 | D:6      | Reached skill level 7 in Dodging
  9578 | D:5      | Reached skill level 7 in Spellcasting
 10023 | D:6      | Reached XP level 10. HP: 42/75 MP: 0/0
 10678 | D:6      | Found a runed translucent door.
 10680 | D:6      | Noticed Crazy Yiuf
 11745 | D:7      | Noticed a kobold demonologist
 11745 | D:7      | Noticed a kobold demonologist
 11754 | D:7      | Killed a kobold demonologist
 11755 | D:7      | Reached skill level 8 in Fighting
 11755 | D:7      | Reached skill level 8 in Dodging
 11756 | D:7      | Noticed a sun demon
 11757 | D:7      | Gained mutation: Your spells are a little easier to cast,
                  | but a little less powerful. [a neqoxec]
 11813 | D:5      | Fell from the grace of Ignis
 11813 | D:5      | Became a worshipper of Ashenzari the Shackled
 12009 | D:7      | Killed a kobold demonologist
 12010 | D:7      | Reached skill level 8 in Spellcasting
 12163 | D:6      | HP: 9/76 [fire elemental[the fiery vengeance of Ignis]
                  | (11)]
 12164 | D:6      | Slain by a fire elemental

Vanquished Creatures
  2 kobold demonologists
  Prince Ribbit (D:5)
  A hornet zombie (D:5)
  A sky beast (D:7)
  A necrophage (D:7)
  3 ice beasts
  4 ogres
  A centaur (D:6)
  A phantom (D:5)
  2 bullfrogs (D:6)
  A wyvern zombie (D:7)
  5 scorpions
  A wyvern skeleton (D:6)
  A howler monkey (D:6)
  A bullfrog zombie (D:5)
  A centaur zombie (D:5)
  3 hounds
  An orc priest (D:7)
  2 jellies
  3 bullfrog skeletons
  4 iguanas
  Natasha (thrice) (D:2)
  2 orc wizards (D:6)
  2 hound skeletons (D:5)
  A mummy (D:4)
  A howler monkey zombie (D:5)
  A howler monkey skeleton (D:5)
  12 gnolls
  8 adders
  2 white imps
  2 ufetubi (D:5)
  2 adder skeletons (D:4)
  5 worms
  4 dart slugs
  20 orcs
  6 endoplasms
  2 giant cockroaches
  11 goblins
  5 hobgoblins
  5 quokkas
  3 ball pythons
  3 bats
  A frilled lizard (D:3)
  12 kobolds
  5 rats
158 creatures vanquished.

Vanquished Creatures (collateral kills)
  A kobold demonologist (D:7)
  An orc warrior (D:7)
  A black bear (D:6)
  An ogre (D:6)
  A centaur (D:6)
  A kobold brigand (D:7)
  A scorpion (D:6)
  An orc wizard (D:7)
  An adder (D:6)
  4 orcs (D:7)
  A kobold (D:7)
14 creatures vanquished.

Vanquished Creatures (others)
  2 bullfrog skeletons
  A kobold (D:4)
  93 foxfires
96 creatures vanquished.

Grand Total: 268 creatures vanquished

Table legend:
 A = Non-vault XP
 B = Vault XP
 C = Vault XP percentage of total XP
 D = Non-vault monster count
 E = Vault monster count
 F = Vault count percentage of total count
                 A         B        C        D         E       F
            +---------+---------+-------+---------+---------+-------
      Total |    3823 |    1943 |  33.7 |     138 |      36 |  20.7
            +---------+---------+-------+---------+---------+-------
        D:1 |      48 |       0 |   0.0 |      17 |       0 |   0.0
        D:2 |     147 |      47 |  24.2 |      22 |       7 |  24.1
        D:3 |     162 |       0 |   0.0 |      23 |       0 |   0.0
        D:4 |     161 |      18 |  10.1 |      18 |       1 |   5.3
        D:5 |     910 |    1295 |  58.7 |      22 |      18 |  45.0
        D:6 |     967 |     583 |  37.6 |      17 |      10 |  37.0
        D:7 |    1428 |       0 |   0.0 |      19 |       0 |   0.0
            +---------+---------+-------+---------+---------+-------

Illustrated notes

Table legend:
 A = Kills in this place as a percentage of kills in entire the game.
 B = Kills by you in this place as a percentage of kills by you in the entire game.
 C = Kills by friends in this place as a percentage of kills by friends in the entire game.
 D = Other kills in this place as a percentage of other kills in the entire game.
 E = Experience gained in this place as a percentage of experience gained in the entire game.
 F = Experience gained in this place divided by the number of levels of this place that you have seen.
                   A       B       C       D       E      F
               +-------+-------+-------+-------+-------+----------------------
         Total | 100.0 | 100.0 | 100.0 | 100.0 | 100.0 | 823.7
       Dungeon | 100.0 | 100.0 | 100.0 | 100.0 | 100.0 | 823.7
               +-------+-------+-------+-------+-------+----------------------

Table legend: (Time is in decaauts)
 A = Elapsed time spent in this place.
 B = Non-inter-level travel time spent in this place.
 C = Inter-level travel time spent in this place.
 D = Time resting spent in this place.
 E = Time spent auto-exploring this place.
 F = Levels seen in this place.
 G = Mean time per level.
                   A        B        C        D        E       F      G
               +--------+--------+--------+--------+--------+-----+--------+
         Total |  12198 |  11453 |    745 |   3982 |   5562 |   7 | 1742.6 |
       Dungeon |  12198 |  11453 |    745 |   3982 |   5562 |   7 | 1742.6 |
               +--------+--------+--------+--------+--------+-----+--------+

Top non-repeatable levels by time:
     D:5: 3935 daAuts
     D:6: 1848 daAuts
     D:2: 1584 daAuts
     D:4: 1445 daAuts
     D:3: 1347 daAuts
     D:1: 1139 daAuts
     D:7: 898 daAuts
